Flyers vs Blue Jackets
(R1)
Created - May 15, 2019 at 19:07
Goals
|
| Flyers |
0 |
2 |
4 |
6 |
| Blue Jackets |
0 |
0 |
4 |
4 |
|
Shots
|
| Flyers |
6 |
10 |
11 |
27 |
| Blue Jackets |
4 |
9 |
20 |
33 |
|
1st period
No Goal
Penalties :
Martin Havlat (Clb) for Hooking (Minor) at 3:27, Matthew Lombardi (Phi) for Interference (Minor) at 6:11, Peter Mueller (Clb) for Interference (Minor) at 8:24, Kyle Wellwood (Phi) for High sticking (Minor) at 16:12
2nd period
1. Flyers , Steve McCarthy 1 (Drew Miller 6, Jakub Voracek 5) at 1:19 (PP)
2. Flyers , Kyle Wellwood 2 (Mats Zuccarello 2, J.T. Miller 1) at 1:59 (PP)
Penalties :
Mike Comrie (Clb) for Hooking (Minor) at 0:43, Pavel Datsyuk (Clb) for Tripping (Minor) at 1:42, Nathan Beaulieu (Phi) for Hooking (Minor) at 5:18, Marcus Nilson (Clb) for Roughing (Double Minor) at 7:33
3rd period
3. Flyers , Jakub Voracek 3 (Jeff Carter 4) at 2:20 (PP)
4. Flyers , Jakub Voracek 4 (Matt Smaby 1, Jeff Carter 5) at 5:14
5. Blue Jackets , Pavel Datsyuk 4 (Mike Lundin 2, Martin Havlat 1) at 5:27
6. Flyers , Drew Miller 3 (Jeff Carter 6) at 12:00 (PP)
7. Blue Jackets , Marcus Nilson 2 (Peter Mueller 1, Andreas Nodl 3) at 17:26
8. Blue Jackets , Martin Havlat 2 (Brenden Morrow 2, Dennis Wideman 3) at 17:41
9. Blue Jackets , Brenden Morrow 1 (Devin Setoguchi 3) at 18:25 (SH)
10. Flyers , Kyle Wellwood 3 (J.T. Miller 2, Mats Zuccarello 3) at 19:02 (PP)
Penalties :
Greg Campbell (Clb) for Cross-checking (Minor) at 2:18, Brenden Morrow (Clb) for Slashing (Minor) at 5:42, Branislav Mezei (Clb) for Hooking (Minor) at 11:58, Greg Campbell (Clb) for Holding Stick (Minor) at 17:44
Goalie Stats
Cory Schneider (Phi), 29 saves from 33 shots - (0.879), W, 3-0-0, 60:00 minutes
Rick DiPietro (Clb), 21 saves from 27 shots - (0.778), L, 0-2-1, 60:00 minutes
Players Stats for Flyers
Player Name G A P +/- PIM S H SB GA TA FO MP PP MP PK MP
------------------------------------------------------------------------------------
Brian Lashoff 0 0 0 0 0 0 2 0 0 0 0/0 14:23 0:34 0:00
Brian McGrattan 0 0 0 0 0 0 0 0 0 0 0/0 7:29 1:26 0:00
Chris Mcallister 0 0 0 0 0 1 1 0 0 1 0/0 10:24 1:24 2:57
Drew Miller 1 1 2 -2 0 1 0 1 1 1 2/3 19:57 5:36 0:13
J.T. Miller 0 2 2 -1 0 3 1 0 0 0 0/0 19:45 5:11 2:47
Jakub Voracek 2 1 3 -2 0 5 4 1 0 0 1/1 19:30 5:36 0:00
Jaromir Jagr 0 0 0 0 0 0 2 0 0 0 0/0 9:54 0:00 0:00
Jeff Carter 0 3 3 -2 0 2 2 0 1 1 13/36 20:10 5:38 0:32
Jeff Woywitka 0 0 0 -2 0 0 0 2 1 2 0/0 24:07 5:48 3:11
Kyle Wellwood 2 0 2 -1 2 2 2 0 1 1 3/11 18:42 5:15 1:37
Loui Eriksson 0 0 0 0 0 2 0 0 0 0 0/1 9:54 0:00 0:00
Marcus Kruger 0 0 0 0 0 4 2 0 0 0 6/7 13:13 1:18 1:56
Mats Zuccarello 0 2 2 -1 0 1 3 0 0 0 0/0 16:44 5:09 0:00
Matt Smaby 0 1 1 -1 0 2 2 1 0 2 0/0 23:21 5:48 3:11
Matthew Lombardi 0 0 0 0 2 1 1 0 0 0 1/4 8:07 0:00 1:52
Nathan Beaulieu 0 0 0 -1 2 0 3 1 0 1 0/0 13:47 0:34 0:00
Oliver Ekman-Larsson 0 0 0 -1 0 2 1 0 3 0 0/0 23:03 5:49 2:46
Steve McCarthy 1 0 1 -1 0 1 1 0 0 1 0/0 21:30 5:49 2:46
Players Stats for Blue Jackets
Player Name G A P +/- PIM S H SB GA TA FO MP PP MP PK MP
------------------------------------------------------------------------------------
A.J Thelen 0 0 0 -1 0 0 0 2 2 0 0/0 10:59 0:00 0:49
Andreas Nodl 0 1 1 1 0 1 0 0 1 0 0/0 11:23 0:00 0:00
Branislav Mezei 0 0 0 -1 2 0 1 2 0 0 0/0 10:36 0:00 0:46
Brenden Morrow 1 1 2 3 2 2 3 0 1 0 1/3 19:44 3:33 3:15
Cam Fowler 0 0 0 2 0 2 0 1 0 0 0/0 22:33 2:49 4:00
Dennis Wideman 0 1 1 2 0 1 2 2 0 0 0/0 26:28 3:08 7:22
Devin Setoguchi 0 1 1 1 0 4 1 1 1 0 0/0 19:16 2:24 3:45
Greg Campbell 0 0 0 -1 4 0 2 0 0 0 3/5 6:50 0:00 2:40
Kevin Porter 0 0 0 0 0 0 0 0 0 0 0/0 1:16 0:00 0:10
Kurtis Foster 0 0 0 2 0 0 2 0 1 0 0/0 22:55 2:49 4:03
Marcus Nilson 1 0 1 1 4 2 2 0 0 0 1/1 12:15 0:00 0:36
Martin Havlat 1 1 2 2 2 8 2 0 1 3 1/2 21:37 3:33 4:54
Max Pacioretty 0 0 0 0 0 3 2 0 0 1 1/1 15:31 2:24 0:00
Mike Comrie 0 0 0 0 2 1 1 0 1 0 5/7 15:30 2:24 0:00
Mike Lundin 0 1 1 2 0 2 1 1 0 1 0/0 26:28 3:08 7:22
Mike York 0 0 0 -1 0 0 2 0 0 1 0/0 5:00 0:00 0:51
Pavel Datsyuk 1 0 1 1 2 4 3 0 0 1 21/38 25:03 3:33 5:33
Peter Mueller 0 1 1 1 2 3 1 0 2 0 4/6 14:16 0:00 2:38
3 Stars
1 - Jakub Voracek (Phi)
2 - Brenden Morrow (Clb)
3 - Kyle Wellwood (Phi)
Power Play
Flyers - 5 on 10 Attempt(s) - 50.00%
Blue Jackets - 0 on 3 Attempt(s) - 0.00%
Penalty Kill
Flyers - 3 on 3 Attempt(s) - 100.00%
- Score 0 goal in Penalty Kill
Blue Jackets - 5 on 10 Attempt(s) - 50.00%
- Score 1 goal in Penalty Kill
Team Stat
Flyers - Hits : 27 - Faceoff Wins : 26 - Blocked Shots : 6 - Penalty Minutes : 6
Blue Jackets - Hits : 25 - Faceoff Wins : 37 - Blocked Shots : 9 - Penalty Minutes : 20
Official
Referees : Unknown
Linesman : Unknown
Game Notes
18:25 of 3rd period - Blue Jackets goal is going for a video replay. After video review, Goal.
Finance
Level 1 -- Attendance: 5107 (85.12%) -- Ticket Income $485,165
Level 2 -- Attendance: 4443 (88.86%) -- Ticket Income $266,580
Level 3 -- Attendance: 2000 (100.00%) -- Ticket Income $70,000
Level 4 -- Attendance: 4000 (100.00%) -- Ticket Income $100,000
Luxury Box -- Attendance: 819 (81.90%) -- Ticket Income $155,610
Game was played at the Ohio State Arena.
Total Attendance: 16369 (90.94%)
Total Ticket Income: $1,077,355
Other Income: $161,603
Total Income: $1,238,958
Flyers
5 vs 5 Forward
Center Left Wing Right Wing Time % Phy DF OF
1 Jeff Carter Drew Miller Jakub Voracek 40 0 1 4
2 Kyle Wellwood J.T. Miller Mats Zuccarello 30 0 1 4
3 Marcus Kruger Loui Eriksson Jaromir Jagr 20 0 1 4
4 Matthew Lombardi Chris Mcallister Brian McGrattan 10 0 4 1
5 vs 5 Defense
Defense Defense Time % Phy DF OF
1 Oliver Ekman-Larsson Steve McCarthy 30 1 3 1
2 Jeff Woywitka Nathan Beaulieu 30 1 3 1
3 Brian Lashoff Matt Smaby 30 1 3 1
4 Oliver Ekman-Larsson Jeff Woywitka 10 1 3 1
PowerPlay Forward
Center Left Wing Right Wing Time % Phy DF OF
1 Jeff Carter Drew Miller Jakub Voracek 50 0 1 4
2 Kyle Wellwood J.T. Miller Mats Zuccarello 50 0 1 4
PowerPlay Defense
Defense Defense Time % Phy DF OF
1 Oliver Ekman-Larsson Steve McCarthy 50 0 2 3
2 Matt Smaby Jeff Woywitka 50 0 2 3
Penalty Kill 4 Players Forward
Center Wing Time % Phy DF OF
1 Matthew Lombardi Chris Mcallister 50 0 4 1
2 Kyle Wellwood J.T. Miller 50 0 4 1
Penalty Kill 4 Players Defense
Defense Defense Time % Phy DF OF
1 Oliver Ekman-Larsson Steve McCarthy 50 1 4 0
2 Jeff Woywitka Matt Smaby 50 1 4 0
Penalty Kill - 3 Players Forward
Forward Time % Phy DF OF
1 Matthew Lombardi 50 0 4 1
2 Kyle Wellwood 50 0 4 1
Penalty Kill - 3 Players Defense
Defense Defense Time % Phy DF OF
1 Oliver Ekman-Larsson Steve McCarthy 50 1 4 0
2 Jeff Woywitka Matt Smaby 50 1 4 0
4 vs 4 Forward
Center Wing Time % Phy DF OF
1 Jeff Carter Jakub Voracek 50 0 2 3
2 Kyle Wellwood J.T. Miller 50 0 2 3
4 vs 4 Defense
Defense Defense Time % Phy DF OF
1 Steve McCarthy Matt Smaby 50 1 3 1
2 Matt Smaby Steve McCarthy 50 1 3 1
Last Minutes Offensive
Center Left Wing Right Wing Defense Defense
Jeff Carter Drew Miller Jakub Voracek Oliver Ekman-Larsson Jeff Woywitka
Last Minutes Defensive
Center Left Wing Right Wing Defense Defense
Kyle Wellwood Chris Mcallister Brian McGrattan Oliver Ekman-Larsson Jeff Woywitka
Goaltenders
Starting : Cory Schneider
Backup : Steve Mason
Extra Forwards
Normal : Jeff Carter, Kyle Wellwood, Drew Miller - PP : Jeff Carter, Kyle Wellwood - PK : Matthew Lombardi
Extra Defensemen
Normal : Oliver Ekman-Larsson, Jeff Woywitka, Matt Smaby - PP : Oliver Ekman-Larsson - PK : Oliver Ekman-Larsson, Jeff Woywitka
Penalty Shots
Jeff Carter, Loui Eriksson, Jaromir Jagr, Kyle Wellwood, J.T. Miller
Scratches
Jonathan Ericsson (Right Leg Injury)
Blue Jackets
5 vs 5 Forward
Center Left Wing Right Wing Time % Phy DF OF
1 Pavel Datsyuk Brenden Morrow Martin Havlat 40 1 2 2
2 Mike Comrie Max Pacioretty Devin Setoguchi 30 1 2 2
3 Peter Mueller Marcus Nilson Andreas Nodl 20 1 2 2
4 Greg Campbell Mike York Pavel Datsyuk 10 1 2 2
5 vs 5 Defense
Defense Defense Time % Phy DF OF
1 Mike Lundin Dennis Wideman 40 1 2 2
2 Kurtis Foster Cam Fowler 30 1 2 2
3 Branislav Mezei A.J Thelen 20 1 2 2
4 Mike Lundin Dennis Wideman 10 1 2 2
PowerPlay Forward
Center Left Wing Right Wing Time % Phy DF OF
1 Pavel Datsyuk Brenden Morrow Martin Havlat 60 1 2 2
2 Mike Comrie Max Pacioretty Devin Setoguchi 40 1 2 2
PowerPlay Defense
Defense Defense Time % Phy DF OF
1 Mike Lundin Dennis Wideman 60 1 2 2
2 Kurtis Foster Cam Fowler 40 1 2 2
Penalty Kill 4 Players Forward
Center Wing Time % Phy DF OF
1 Pavel Datsyuk Martin Havlat 60 1 2 2
2 Brenden Morrow Devin Setoguchi 40 1 2 2
Penalty Kill 4 Players Defense
Defense Defense Time % Phy DF OF
1 Mike Lundin Dennis Wideman 60 1 2 2
2 Kurtis Foster Cam Fowler 40 1 2 2
Penalty Kill - 3 Players Forward
Forward Time % Phy DF OF
1 Pavel Datsyuk 60 1 2 2
2 Martin Havlat 40 1 2 2
Penalty Kill - 3 Players Defense
Defense Defense Time % Phy DF OF
1 Mike Lundin Dennis Wideman 60 1 2 2
2 Kurtis Foster Cam Fowler 40 1 2 2
4 vs 4 Forward
Center Wing Time % Phy DF OF
1 Pavel Datsyuk Martin Havlat 60 1 2 2
2 Brenden Morrow Devin Setoguchi 40 1 2 2
4 vs 4 Defense
Defense Defense Time % Phy DF OF
1 Mike Lundin Dennis Wideman 60 1 2 2
2 Kurtis Foster Cam Fowler 40 1 2 2
Last Minutes Offensive
Center Left Wing Right Wing Defense Defense
Pavel Datsyuk Brenden Morrow Martin Havlat Mike Lundin Dennis Wideman
Last Minutes Defensive
Center Left Wing Right Wing Defense Defense
Pavel Datsyuk Brenden Morrow Martin Havlat Mike Lundin Dennis Wideman
Goaltenders
Starting : Rick DiPietro
Backup : Mike Brodeur
Extra Forwards
Normal : Kevin Porter, Marcus Nilson, Peter Mueller - PP : Kevin Porter, Marcus Nilson - PK : Peter Mueller
Extra Defensemen
Normal : Branislav Mezei, A.J Thelen, Kurtis Foster - PP : Branislav Mezei - PK : A.J Thelen, Kurtis Foster
Penalty Shots
Pavel Datsyuk, Martin Havlat, Brenden Morrow, Devin Setoguchi, Max Pacioretty
Scratches
Andrew Gordon (Healthy), Patrick O'Sullivan (Healthy), Ryan Wilson (Healthy), Tyler Kennedy (Healthy)
% Time on Ice - Flyers
Lines # - Real PCT - Wanted PCT - Time Play
Normal Forward
1 - 34% - 40% - 14:06
2 - 28% - 30% - 11:51
3 - 24% - 20% - 9:54
4 - 14% - 10% - 6:01
Normal Defense
1 - 31% - 30% - 12:55
2 - 32% - 30% - 13:35
3 - 33% - 30% - 13:49
4 - 4% - 10% - 1:33
PP Forward
1 - 49% - 50% - 5:59
2 - 51% - 50% - 6:12
PP Defense
1 - 52% - 50% - 6:23
2 - 48% - 50% - 5:48
PK Forward
1 - 44% - 50% - 2:38
2 - 56% - 50% - 3:19
PK Defense
1 - 46% - 50% - 2:46
2 - 54% - 50% - 3:11
PK3 Forward
1 - 0% - 50%
2 - 0% - 50%
PK3 Defense
1 - 0% - 50%
2 - 0% - 50%
44 Forward
1 - 0% - 50%
2 - 0% - 50%
44 Defense
1 - 0% - 50%
2 - 0% - 50%
Last Minute Offensive - 0:00
Last Minute Defensive - 0:00
Total
Forward - 60:00
Defense - 60:00
|
% Time on Ice - Blue Jackets
Lines # - Real PCT - Wanted PCT - Time Play
Normal Forward
1 - 32% - 40% - 13:13
2 - 31% - 30% - 13:07
3 - 27% - 20% - 11:23
4 - 10% - 10% - 4:09
Normal Defense
1 - 38% - 40% - 15:58
2 - 38% - 30% - 16:03
3 - 24% - 20% - 9:51
4 - 0% - 10% - 0:00
PP Forward
1 - 60% - 60% - 3:33
2 - 40% - 40% - 2:24
PP Defense
1 - 53% - 60% - 3:08
2 - 47% - 40% - 2:49
PK Forward
1 - 69% - 60% - 8:26
2 - 31% - 40% - 3:45
PK Defense
1 - 67% - 60% - 8:08
2 - 33% - 40% - 4:03
PK3 Forward
1 - 0% - 60%
2 - 0% - 40%
PK3 Defense
1 - 0% - 60%
2 - 0% - 40%
44 Forward
1 - 0% - 60%
2 - 0% - 40%
44 Defense
1 - 0% - 60%
2 - 0% - 40%
Last Minute Offensive - 0:00
Last Minute Defensive - 0:00
Total
Forward - 60:00
Defense - 60:00
|
Play-by-Play
1st period
0:01 of 1st period - Pavel Datsyuk wins face-off versus Jeff Carter in neutral zone.
0:42 of 1st period - Wrist shot by Loui Eriksson.
0:42 of 1st period - Shot Misses the Net.
0:53 of 1st period - Off-side.
0:54 of 1st period - Mike Comrie wins face-off versus Kyle Wellwood in neutral zone.
2:11 of 1st period - Slapshot by Max Pacioretty.
2:11 of 1st period - Stopped by Cory Schneider with a rebound.
2:44 of 1st period - Wrist shot by Devin Setoguchi.
2:44 of 1st period - Stopped by Cory Schneider without a rebound.
2:45 of 1st period - Jeff Carter wins face-off versus Peter Mueller in Flyers zone.
3:12 of 1st period - Matt Smaby is hit by Pavel Datsyuk and loses puck.
3:27 of 1st period - Minor Penalty to Martin Havlat for Hooking.
3:28 of 1st period - Pavel Datsyuk wins face-off versus Jeff Carter in Blue Jackets zone.
4:13 of 1st period - Jeff Woywitka is hit by Greg Campbell and loses puck.
5:27 of 1st period - Penalty to Martin Havlat is over, Martin Havlat is back on ice.
5:43 of 1st period - Snap shot by Loui Eriksson.
5:43 of 1st period - Shot Misses the Net.
5:45 of 1st period - Snap shot by Loui Eriksson.
5:45 of 1st period - Stopped by Rick DiPietro without a rebound.
5:46 of 1st period - Marcus Kruger wins face-off versus Mike Comrie in Blue Jackets zone.
5:47 of 1st period - Wrist shot by Jaromir Jagr.
5:47 of 1st period - Shot Blocked by Branislav Mezei.
6:05 of 1st period - Andreas Nodl is hit by Matt Smaby and loses puck.
6:11 of 1st period - Minor Penalty to Matthew Lombardi for Interference.
6:12 of 1st period - Marcus Kruger wins face-off versus Pavel Datsyuk in Flyers zone.
7:21 of 1st period - J.T. Miller is hit by Kurtis Foster and loses puck.
8:11 of 1st period - Penalty to Matthew Lombardi is over, Matthew Lombardi is back on ice.
8:24 of 1st period - Minor Penalty to Peter Mueller for Interference.
8:25 of 1st period - Greg Campbell wins face-off versus Jeff Carter in Blue Jackets zone.
8:29 of 1st period - Slapshot by Mike Lundin.
8:29 of 1st period - Stopped by Cory Schneider without a rebound.
8:30 of 1st period - Greg Campbell wins face-off versus Jeff Carter in Flyers zone.
10:24 of 1st period - Penalty to Peter Mueller is over, Peter Mueller is back on ice.
11:20 of 1st period - Greg Campbell is hit by Jaromir Jagr.
11:24 of 1st period - Dennis Wideman is hit by Nathan Beaulieu and loses puck.
11:45 of 1st period - Devin Setoguchi is hit by Nathan Beaulieu and loses puck.
13:40 of 1st period - Off-side.
13:41 of 1st period - Peter Mueller wins face-off versus Kyle Wellwood in neutral zone.
13:48 of 1st period - Mike Lundin is hit by Mats Zuccarello and loses puck.
15:45 of 1st period - Snap shot by Loui Eriksson.
15:45 of 1st period - Shot Blocked by Dennis Wideman.
15:56 of 1st period - Icing by Brenden Morrow.
15:57 of 1st period - Kyle Wellwood wins face-off versus Pavel Datsyuk in Blue Jackets zone.
16:12 of 1st period - Minor Penalty to Kyle Wellwood for High sticking.
16:13 of 1st period - Mike Comrie wins face-off versus Matthew Lombardi in Flyers zone.
17:05 of 1st period - J.T. Miller is hit by Kurtis Foster and loses puck.
18:12 of 1st period - Penalty to Kyle Wellwood is over, Kyle Wellwood is back on ice.
18:18 of 1st period - Kyle Wellwood is hit by Max Pacioretty and loses puck.
18:29 of 1st period - Snap shot by Loui Eriksson.
18:29 of 1st period - Deflect By Marcus Kruger.
18:29 of 1st period - Stopped by Rick DiPietro without a rebound.
18:30 of 1st period - Marcus Kruger wins face-off versus Peter Mueller in Blue Jackets zone.
18:31 of 1st period - Snap shot by Loui Eriksson.
18:31 of 1st period - Stopped by Rick DiPietro with a rebound.
18:33 of 1st period - Snap shot by Marcus Kruger.
18:33 of 1st period - Stopped by Rick DiPietro without a rebound.
18:34 of 1st period - Marcus Kruger wins face-off versus Pavel Datsyuk in Blue Jackets zone.
19:08 of 1st period - Wrist shot by Kyle Wellwood.
19:08 of 1st period - Deflect By J.T. Miller.
19:08 of 1st period - Stopped by Rick DiPietro with a rebound.
19:10 of 1st period - Snap shot by J.T. Miller.
19:10 of 1st period - Stopped by Rick DiPietro without a rebound.
19:11 of 1st period - Jakub Voracek wins face-off versus Pavel Datsyuk in Blue Jackets zone.
19:16 of 1st period - Slapshot by Drew Miller.
19:16 of 1st period - Shot Misses the Net.
19:37 of 1st period - Steve McCarthy is hit by Devin Setoguchi and loses puck.
19:42 of 1st period - Slapshot by Max Pacioretty.
19:42 of 1st period - Stopped by Cory Schneider without a rebound.
19:43 of 1st period - Mike Comrie wins face-off versus Jeff Carter in Flyers zone.
Goals for this period are 0 for Flyers vs 0 for Blue Jackets.
Shots for this period are 6 for Flyers vs 4 for Blue Jackets.
2nd period
0:01 of 2nd period - Jeff Carter wins face-off versus Pavel Datsyuk in neutral zone.
0:14 of 2nd period - Snap shot by Jakub Voracek.
0:14 of 2nd period - Stopped by Rick DiPietro with a rebound.
0:26 of 2nd period - Brian Lashoff is hit by Dennis Wideman and loses puck.
0:43 of 2nd period - Minor Penalty to Mike Comrie for Hooking.
0:44 of 2nd period - Pavel Datsyuk wins face-off versus Kyle Wellwood in Blue Jackets zone.
0:55 of 2nd period - Slapshot by Matt Smaby.
0:55 of 2nd period - Stopped by Rick DiPietro without a rebound.
0:56 of 2nd period - Kyle Wellwood wins face-off versus Pavel Datsyuk in Blue Jackets zone.
1:11 of 2nd period - Snap shot by J.T. Miller.
1:11 of 2nd period - Stopped by Rick DiPietro without a rebound.
1:12 of 2nd period - Jeff Carter wins face-off versus Pavel Datsyuk in Blue Jackets zone.
1:17 of 2nd period - Slapshot by Drew Miller.
1:17 of 2nd period - Shot Misses the Net.
1:19 of 2nd period - Slapshot by Steve McCarthy.
1:19 of 2nd period - Goal by Steve McCarthy - Flyers : 1 - Blue Jackets : 0.
1:20 of 2nd period - Jeff Carter wins face-off versus Pavel Datsyuk in neutral zone.
1:34 of 2nd period - Snap shot by Jeff Carter.
1:34 of 2nd period - Stopped by Rick DiPietro with a rebound.
1:36 of 2nd period - Wrist shot by Steve McCarthy.
1:36 of 2nd period - Shot Misses the Net.
1:42 of 2nd period - Minor Penalty to Pavel Datsyuk for Tripping.
1:43 of 2nd period - Peter Mueller wins face-off versus Kyle Wellwood in Blue Jackets zone.
1:59 of 2nd period - Wrist shot by Kyle Wellwood.
1:59 of 2nd period - Goal by Kyle Wellwood - Flyers : 2 - Blue Jackets : 0.
2:00 of 2nd period - Pavel Datsyuk wins face-off versus Jeff Carter in neutral zone.
2:25 of 2nd period - Mike Lundin is hit by Brian Lashoff and loses puck.
2:57 of 2nd period - Wrist shot by Peter Mueller.
2:57 of 2nd period - Shot Misses the Net.
2:59 of 2nd period - Snap shot by Marcus Nilson.
2:59 of 2nd period - Stopped by Cory Schneider without a rebound.
3:00 of 2nd period - Drew Miller wins face-off versus Pavel Datsyuk in Flyers zone.
3:13 of 2nd period - Snap shot by Pavel Datsyuk.
3:13 of 2nd period - Stopped by Cory Schneider with a rebound.
3:15 of 2nd period - Snap shot by Cam Fowler.
3:15 of 2nd period - Stopped by Cory Schneider with a rebound.
3:25 of 2nd period - Oliver Ekman-Larsson is hit by Mike Comrie and loses puck.
3:36 of 2nd period - Slapshot by Oliver Ekman-Larsson.
3:36 of 2nd period - Stopped by Rick DiPietro without a rebound.
3:37 of 2nd period - Pavel Datsyuk wins face-off versus Jeff Carter in Blue Jackets zone.
3:41 of 2nd period - Off-side.
3:42 of 2nd period - Pavel Datsyuk wins face-off versus Jeff Carter in neutral zone.
4:37 of 2nd period - Snap shot by Andreas Nodl.
4:37 of 2nd period - Shot Misses the Net.
4:39 of 2nd period - Wrist shot by Andreas Nodl.
4:39 of 2nd period - Shot Misses the Net.
4:41 of 2nd period - Snap shot by Peter Mueller.
4:41 of 2nd period - Stopped by Cory Schneider without a rebound.
4:42 of 2nd period - Pavel Datsyuk wins face-off versus Jeff Carter in Flyers zone.
4:43 of 2nd period - Wrist shot by Martin Havlat.
4:43 of 2nd period - Shot Misses the Net.
4:45 of 2nd period - Slapshot by Martin Havlat.
4:45 of 2nd period - Stopped by Cory Schneider with a rebound.
4:47 of 2nd period - Slapshot by Kurtis Foster.
4:47 of 2nd period - Shot Blocked by Jeff Woywitka.
4:49 of 2nd period - Slapshot by Cam Fowler.
4:49 of 2nd period - Deflect By Jeff Woywitka.
4:49 of 2nd period - Stopped by Cory Schneider with a rebound.
4:51 of 2nd period - Wrist shot by Brenden Morrow.
4:51 of 2nd period - Shot Blocked by Drew Miller.
4:57 of 2nd period - Snap shot by Martin Havlat.
4:57 of 2nd period - Deflect By Brenden Morrow.
4:57 of 2nd period - Shot Misses the Net.
4:57 of 2nd period - Puck is out of play.
4:58 of 2nd period - Mike Comrie wins face-off versus Kyle Wellwood in Flyers zone.
5:07 of 2nd period - Snap shot by Devin Setoguchi.
5:07 of 2nd period - Stopped by Cory Schneider with a rebound.
5:18 of 2nd period - Minor Penalty to Nathan Beaulieu for Hooking.
5:19 of 2nd period - Pavel Datsyuk wins face-off versus Matthew Lombardi in Flyers zone.
5:27 of 2nd period - Wrist shot by Pavel Datsyuk.
5:27 of 2nd period - Stopped by Cory Schneider with a rebound.
5:29 of 2nd period - Slapshot by Dennis Wideman.
5:29 of 2nd period - Shot Blocked by Jeff Woywitka.
5:31 of 2nd period - Slapshot by Dennis Wideman.
5:31 of 2nd period - Stopped by Cory Schneider without a rebound.
5:32 of 2nd period - Matthew Lombardi wins face-off versus Brenden Morrow in Flyers zone.
7:18 of 2nd period - Penalty to Nathan Beaulieu is over, Nathan Beaulieu is back on ice.
7:27 of 2nd period - Slapshot by Marcus Kruger.
7:27 of 2nd period - Stopped by Rick DiPietro with a rebound.
7:29 of 2nd period - Snap shot by Nathan Beaulieu.
7:29 of 2nd period - Deflect By J.T. Miller.
7:29 of 2nd period - Shot Blocked by Cam Fowler.
7:29 of 2nd period - Puck is out of play.
7:30 of 2nd period - Peter Mueller wins face-off versus Jeff Carter in Blue Jackets zone.
7:30 of 2nd period - Peter Mueller is hit by Jakub Voracek.
7:33 of 2nd period - Double Minor Penalty to Marcus Nilson for Roughing.
7:34 of 2nd period - Pavel Datsyuk wins face-off versus Jeff Carter in Blue Jackets zone.
7:34 of 2nd period - Pavel Datsyuk is hit by Jakub Voracek.
7:39 of 2nd period - Snap shot by Jeff Carter.
7:39 of 2nd period - Stopped by Rick DiPietro with a rebound.
7:41 of 2nd period - Slapshot by Oliver Ekman-Larsson.
7:41 of 2nd period - Stopped by Rick DiPietro with a rebound.
8:54 of 2nd period - Cam Fowler is hit by Jeff Carter and loses puck.
9:15 of 2nd period - Martin Havlat is hit by Jakub Voracek and loses puck.
10:15 of 2nd period - Branislav Mezei is hit by Chris Mcallister and loses puck.
10:26 of 2nd period - Nathan Beaulieu is hit by Brenden Morrow.
11:33 of 2nd period - Penalty to Marcus Nilson is over, Marcus Nilson is back on ice.
11:38 of 2nd period - Martin Havlat is hit by Jaromir Jagr and loses puck.
11:55 of 2nd period - Devin Setoguchi is hit by Matt Smaby and loses puck.
12:36 of 2nd period - Marcus Kruger is hit by Mike York and loses puck.
13:23 of 2nd period - Steve McCarthy is hit by Max Pacioretty and loses puck.
14:07 of 2nd period - Peter Mueller is hit by Matthew Lombardi and loses puck.
14:41 of 2nd period - Brian Lashoff is hit by Greg Campbell and loses puck.
14:58 of 2nd period - Matthew Lombardi is hit by Branislav Mezei and loses puck.
15:19 of 2nd period - J.T. Miller is hit by Martin Havlat and loses puck.
15:26 of 2nd period - Steve McCarthy is hit by Martin Havlat and loses puck.
15:37 of 2nd period - Marcus Nilson is hit by Oliver Ekman-Larsson and loses puck.
17:21 of 2nd period - Chris Mcallister is hit by Peter Mueller.
17:46 of 2nd period - Steve McCarthy is hit by Marcus Nilson and loses puck.
17:53 of 2nd period - Mike Lundin is hit by Mats Zuccarello and loses puck.
18:22 of 2nd period - Brian Lashoff is hit by Mike York and loses puck.
18:29 of 2nd period - A.J Thelen is hit by Nathan Beaulieu and loses puck.
18:54 of 2nd period - Martin Havlat is hit by J.T. Miller and loses puck.
19:46 of 2nd period - Kurtis Foster is hit by Mats Zuccarello and loses puck.
Goals for this period are 2 for Flyers vs 0 for Blue Jackets.
Shots for this period are 10 for Flyers vs 9 for Blue Jackets.
3rd period
0:01 of 3rd period - Pavel Datsyuk wins face-off versus Jeff Carter in neutral zone.
0:08 of 3rd period - Wrist shot by Martin Havlat.
0:08 of 3rd period - Stopped by Cory Schneider without a rebound.
0:09 of 3rd period - Pavel Datsyuk wins face-off versus Jeff Carter in Flyers zone.
0:22 of 3rd period - Slapshot by Mike Lundin.
0:22 of 3rd period - Stopped by Cory Schneider without a rebound.
0:23 of 3rd period - Pavel Datsyuk wins face-off versus Jeff Carter in Flyers zone.
0:38 of 3rd period - Slapshot by Martin Havlat.
0:38 of 3rd period - Stopped by Cory Schneider without a rebound.
0:39 of 3rd period - Kyle Wellwood wins face-off versus Mike Comrie in Flyers zone.
0:54 of 3rd period - Snap shot by J.T. Miller.
0:54 of 3rd period - Shot Misses the Net.
0:56 of 3rd period - Snap shot by Mats Zuccarello.
0:56 of 3rd period - Stopped by Rick DiPietro without a rebound.
0:57 of 3rd period - Brenden Morrow wins face-off versus Jeff Carter in Blue Jackets zone.
1:10 of 3rd period - Snap shot by Drew Miller.
1:10 of 3rd period - Shot Blocked by Dennis Wideman.
1:16 of 3rd period - Dennis Wideman is hit by Jeff Carter and loses puck.
1:54 of 3rd period - Andreas Nodl is hit by Marcus Kruger and loses puck.
2:18 of 3rd period - Minor Penalty to Greg Campbell for Cross-checking.
2:19 of 3rd period - Jeff Carter wins face-off versus Pavel Datsyuk in Blue Jackets zone.
2:20 of 3rd period - Snap shot by Jakub Voracek.
2:20 of 3rd period - Goal by Jakub Voracek - Flyers : 3 - Blue Jackets : 0.
2:21 of 3rd period - Jeff Carter wins face-off versus Pavel Datsyuk in neutral zone.
2:48 of 3rd period - Dennis Wideman is hit by Kyle Wellwood and loses puck.
2:59 of 3rd period - Slapshot by Devin Setoguchi.
2:59 of 3rd period - Stopped by Cory Schneider without a rebound.
3:00 of 3rd period - Marcus Kruger wins face-off versus Brenden Morrow in Flyers zone.
3:00 of 3rd period - Marcus Kruger is hit by Brenden Morrow.
3:06 of 3rd period - Martin Havlat is hit by Marcus Kruger and loses puck.
3:31 of 3rd period - Slapshot by Matt Smaby.
3:31 of 3rd period - Stopped by Rick DiPietro without a rebound.
3:32 of 3rd period - Jeff Carter wins face-off versus Pavel Datsyuk in Blue Jackets zone.
3:35 of 3rd period - Snap shot by Jakub Voracek.
3:35 of 3rd period - Stopped by Rick DiPietro without a rebound.
3:36 of 3rd period - Jeff Carter wins face-off versus Pavel Datsyuk in Blue Jackets zone.
3:39 of 3rd period - Wrist shot by Jeff Carter.
3:39 of 3rd period - Shot Misses the Net.
3:41 of 3rd period - Slapshot by Jeff Carter.
3:41 of 3rd period - Shot Misses the Net.
3:43 of 3rd period - Backhand shot by Jakub Voracek.
3:43 of 3rd period - Stopped by Rick DiPietro without a rebound.
3:44 of 3rd period - Pavel Datsyuk wins face-off versus Jeff Carter in Blue Jackets zone.
4:23 of 3rd period - Snap shot by Devin Setoguchi.
4:23 of 3rd period - Stopped by Cory Schneider with a rebound.
5:00 of 3rd period - Off-side.
5:01 of 3rd period - Jeff Carter wins face-off versus Greg Campbell in neutral zone.
5:12 of 3rd period - Snap shot by Jakub Voracek.
5:12 of 3rd period - Shot Blocked by A.J Thelen.
5:14 of 3rd period - Slapshot by Matt Smaby.
5:14 of 3rd period - Deflect By Jakub Voracek.
5:14 of 3rd period - Goal by Jakub Voracek - Flyers : 4 - Blue Jackets : 0.
5:15 of 3rd period - Martin Havlat wins face-off versus Drew Miller in neutral zone.
5:18 of 3rd period - Oliver Ekman-Larsson is hit by Brenden Morrow and loses puck.
5:23 of 3rd period - Wrist shot by Martin Havlat.
5:23 of 3rd period - Stopped by Cory Schneider with a rebound.
5:25 of 3rd period - Slapshot by Mike Lundin.
5:25 of 3rd period - Shot Misses the Net.
5:27 of 3rd period - Wrist shot by Pavel Datsyuk.
5:27 of 3rd period - Goal by Pavel Datsyuk - Flyers : 4 - Blue Jackets : 1.
5:28 of 3rd period - Pavel Datsyuk wins face-off versus Jeff Carter in neutral zone.
5:42 of 3rd period - Minor Penalty to Brenden Morrow for Slashing.
5:43 of 3rd period - Drew Miller wins face-off versus Martin Havlat in Blue Jackets zone.
5:58 of 3rd period - Slapshot by Jeff Woywitka.
5:58 of 3rd period - Shot Misses the Net.
6:00 of 3rd period - Snap shot by Jeff Woywitka.
6:00 of 3rd period - Shot Misses the Net.
6:14 of 3rd period - Wrist shot by Mats Zuccarello.
6:14 of 3rd period - Shot Blocked by Mike Lundin.
7:42 of 3rd period - Penalty to Brenden Morrow is over, Brenden Morrow is back on ice.
8:27 of 3rd period - Slapshot by Jeff Woywitka.
8:27 of 3rd period - Deflect By Jaromir Jagr.
8:27 of 3rd period - Shot Hit the Post.
8:27 of 3rd period - Puck is out of play.
8:28 of 3rd period - Peter Mueller wins face-off versus Marcus Kruger in Blue Jackets zone.
8:37 of 3rd period - Loui Eriksson is hit by Marcus Nilson.
9:10 of 3rd period - Slapshot by Matthew Lombardi.
9:10 of 3rd period - Stopped by Rick DiPietro without a rebound.
9:11 of 3rd period - Mike Comrie wins face-off versus Matthew Lombardi in Blue Jackets zone.
9:23 of 3rd period - Backhand shot by Mike Comrie.
9:23 of 3rd period - Stopped by Cory Schneider without a rebound.
9:24 of 3rd period - Jeff Carter wins face-off versus Pavel Datsyuk in Flyers zone.
9:24 of 3rd period - Jeff Carter is hit by Pavel Datsyuk.
9:50 of 3rd period - Max Pacioretty is hit by Kyle Wellwood and loses puck.
9:56 of 3rd period - Off-side.
9:57 of 3rd period - Pavel Datsyuk wins face-off versus Kyle Wellwood in neutral zone.
10:16 of 3rd period - J.T. Miller is hit by Pavel Datsyuk and loses puck.
10:37 of 3rd period - Snap shot by Andreas Nodl.
10:37 of 3rd period - Stopped by Cory Schneider without a rebound.
10:38 of 3rd period - Max Pacioretty wins face-off versus Jeff Carter in Flyers zone.
10:53 of 3rd period - Slapshot by Max Pacioretty.
10:53 of 3rd period - Stopped by Cory Schneider with a rebound.
10:55 of 3rd period - Slapshot by Devin Setoguchi.
10:55 of 3rd period - Shot Blocked by Nathan Beaulieu.
11:14 of 3rd period - Snap shot by Marcus Kruger.
11:14 of 3rd period - Stopped by Rick DiPietro without a rebound.
11:15 of 3rd period - Pavel Datsyuk wins face-off versus Kyle Wellwood in Blue Jackets zone.
11:50 of 3rd period - Wrist shot by Jakub Voracek.
11:50 of 3rd period - Shot Blocked by A.J Thelen.
11:52 of 3rd period - Wrist shot by Jakub Voracek.
11:52 of 3rd period - Shot Blocked by Branislav Mezei.
11:58 of 3rd period - Minor Penalty to Branislav Mezei for Hooking.
11:59 of 3rd period - Jeff Carter wins face-off versus Pavel Datsyuk in Blue Jackets zone.
12:00 of 3rd period - Slapshot by Drew Miller.
12:00 of 3rd period - Goal by Drew Miller - Flyers : 5 - Blue Jackets : 1.
12:01 of 3rd period - Pavel Datsyuk wins face-off versus Jeff Carter in neutral zone.
13:11 of 3rd period - Wrist shot by Pavel Datsyuk.
13:11 of 3rd period - Shot Misses the Net.
13:13 of 3rd period - Slapshot by Cam Fowler.
13:13 of 3rd period - Shot Blocked by Jakub Voracek.
13:37 of 3rd period - Snap shot by Chris Mcallister.
13:37 of 3rd period - Stopped by Rick DiPietro with a rebound.
14:00 of 3rd period - Steve McCarthy is hit by Mike Lundin and loses puck.
14:51 of 3rd period - Snap shot by Pavel Datsyuk.
14:51 of 3rd period - Stopped by Cory Schneider without a rebound.
14:52 of 3rd period - Pavel Datsyuk wins face-off versus Jeff Carter in Flyers zone.
15:29 of 3rd period - Icing by Cam Fowler.
15:30 of 3rd period - Marcus Nilson wins face-off versus Jeff Carter in Blue Jackets zone.
15:30 of 3rd period - Marcus Nilson is hit by Jakub Voracek.
16:24 of 3rd period - Marcus Nilson is hit by Brian Lashoff and loses puck.
16:40 of 3rd period - Snap shot by Brian McGrattan.
16:40 of 3rd period - Shot Misses the Net.
17:06 of 3rd period - Snap shot by Peter Mueller.
17:06 of 3rd period - Shot Misses the Net.
17:08 of 3rd period - Snap shot by Andreas Nodl.
17:08 of 3rd period - Shot Blocked by Matt Smaby.
17:10 of 3rd period - Backhand shot by Peter Mueller.
17:10 of 3rd period - Stopped by Cory Schneider with a rebound.
17:24 of 3rd period - Wrist shot by Peter Mueller.
17:24 of 3rd period - Stopped by Cory Schneider with a rebound.
17:26 of 3rd period - Snap shot by Marcus Nilson.
17:26 of 3rd period - Goal by Marcus Nilson - Flyers : 5 - Blue Jackets : 2.
17:27 of 3rd period - Jeff Carter wins face-off versus Pavel Datsyuk in neutral zone.
17:41 of 3rd period - Wrist shot by Martin Havlat.
17:41 of 3rd period - Goal by Martin Havlat - Flyers : 5 - Blue Jackets : 3.
17:42 of 3rd period - Greg Campbell wins face-off versus Loui Eriksson in neutral zone.
17:44 of 3rd period - Minor Penalty to Greg Campbell for Holding Stick.
17:45 of 3rd period - Jeff Carter wins face-off versus Pavel Datsyuk in Blue Jackets zone.
18:12 of 3rd period - Jeff Woywitka is hit by Dennis Wideman and loses puck.
18:23 of 3rd period - Snap shot by Brenden Morrow.
18:23 of 3rd period - Stopped by Cory Schneider with a rebound.
18:25 of 3rd period - Slapshot by Brenden Morrow.
18:25 of 3rd period - Blue Jackets goal is going for a video replay.
18:25 of 3rd period - The goal is good.
18:25 of 3rd period - Goal by Brenden Morrow - Flyers : 5 - Blue Jackets : 4.
18:26 of 3rd period - Pavel Datsyuk wins face-off versus Jeff Carter in neutral zone.
18:29 of 3rd period - Wrist shot by Mike Lundin.
18:29 of 3rd period - Deflect By Martin Havlat.
18:29 of 3rd period - Stopped by Cory Schneider without a rebound.
18:30 of 3rd period - Pavel Datsyuk wins face-off versus Jeff Carter in Flyers zone.
18:31 of 3rd period - Wrist shot by Martin Havlat.
18:31 of 3rd period - Stopped by Cory Schneider with a rebound.
18:37 of 3rd period - Dennis Wideman is hit by Steve McCarthy and loses puck.
18:44 of 3rd period - Slapshot by Jakub Voracek.
18:44 of 3rd period - Shot Misses the Net.
19:00 of 3rd period - Snap shot by J.T. Miller.
19:00 of 3rd period - Shot Blocked by Devin Setoguchi.
19:02 of 3rd period - Snap shot by Kyle Wellwood.
19:02 of 3rd period - Goal by Kyle Wellwood - Flyers : 6 - Blue Jackets : 4.
19:03 of 3rd period - Marcus Kruger wins face-off versus Greg Campbell in neutral zone.
19:53 of 3rd period - Snap shot by Martin Havlat.
19:53 of 3rd period - Stopped by Cory Schneider without a rebound.
19:54 of 3rd period - Pavel Datsyuk wins face-off versus Kyle Wellwood in Flyers zone.
Goals for this period are 4 for Flyers vs 4 for Blue Jackets.
Shots for this period are 11 for Flyers vs 20 for Blue Jackets.
Back to the Top